 Dungeon Crawl Stone Soup version 0.21.2 (webtiles) character file.

12041 tidbits the Summoner (level 11, 0/91 HPs)
             Began as a Gnoll Summoner on Dec 5, 2018.
             Was an Elder of Cheibriados.
             Killed from afar by a merfolk aquamancer (13 damage)
             ... with a ball of steam
             ... on level 2 of the Shoals.
             The game lasted 00:48:03 (3959 turns).

tidbits the Summoner (Gnoll Summoner)               Turns: 3959, Time: 00:48:04

Health: 0/91       AC:  9    Str: 21    XL:     11   Next: 87%
Magic:  15/23      EV: 20    Int: 30    God:    Cheibriados [****..]
Gold:   489        SH:  7    Dex: 28    Spells: 11/26 levels left

rFire    . . .     SeeInvis .   b - +2 eveningstar (protect)
rCold    . . .     Gourm    .   D - +0 buckler
rNeg     . . .     Faith    .   B - +0 troll leather armour
rPois    +         Spirit   .   (helmet restricted)
rElec    .         Reflect  .   (no cloak)
rCorr    .         Harm     .   (no gloves)
MR       .....                  (no boots)
Stlth    ++........             (no amulet)
HPRegen  0.65/turn              P - ring of poison resistance
MPRegen  0.18/turn              U - +4 ring of protection

@: engulfed (cannot breathe), very slow
A: distributed training, fangs 1, horns 1, agile 1, robust 1, strong nose
a: Bend Time, Temporal Distortion, Slouch, Renounce Religion


You were on level 2 of the Shoals.
You worshipped Cheibriados.
Cheibriados was greatly pleased with you.
You were not hungry.

You visited 5 branches of the dungeon, and saw 19 of its levels.

You collected 697 gold pieces.
You spent 208 gold pieces at shops.

Inventory:

Hand Weapons
 a - a +0 dagger of venom
   (You took it off an orc on level 10 of the Dungeon)
 b - a +2 eveningstar of protection (weapon)
   (You took it off Urug on level 2 of the Lair of Beasts)
 i - a +2 war axe of chopping
   (You took it off an orc warlord on level 1 of the Orcish Mines)
 v - a +1 trident of distortion
   (You found it on level 4 of the Dungeon)
 E - a +4 great sword of freezing
   (You took it off a wight on level 8 of the Dungeon)
 J - a +1 rapier of draining
   (You found it on level 9 of the Dungeon)
 Y - a +2 dagger of holy wrath
   (You took it off an orc on level 10 of the Dungeon)
Missiles
 g - a stone (quivered)
 m - 48 sling bullets
 u - 4 throwing nets {!f}
 A - 8 poisoned needles
 O - 6 silver javelins
Armour
 q - a +1 robe of positive energy
   (You took it off Psyche on level 11 of the Dungeon)
 z - a +0 shield
 B - a +0 troll leather armour (worn)
 D - a +0 buckler (worn)
 T - the +0 robe "Puucre" {rN+}
   (You found it on level 5 of the Dungeon)

   It protects you from negative energy.
Magical Staves
 e - an uncursed staff of poison
   (You found it on level 7 of the Dungeon)
Jewellery
 f - an uncursed ring of see invisible
   (You found it on level 2 of the Dungeon)
 K - an uncursed ring of resist corrosion
   (You found it on level 11 of the Dungeon)
 P - a ring of poison resistance (left hand)
   (You found it on level 9 of the Dungeon)
 S - an uncursed ring of stealth
   (You found it on level 9 of the Dungeon)
 U - a +4 ring of protection (right hand)
   (You found it on level 1 of the Lair of Beasts)
Wands
 k - a wand of clouds (2)
 p - a wand of paralysis (32)
 s - a wand of acid (7)
 C - a wand of flame (20)
 N - a wand of polymorph (13)
Scrolls
 h - a scroll of enchant armour {unknown}
 j - 2 scrolls of magic mapping
 o - a scroll of random uselessness {unknown}
 r - a scroll of remove curse
 t - a scroll of teleportation
 w - 2 scrolls of blinking {unknown}
 x - 2 scrolls of amnesia
 F - 3 scrolls of immolation {!r}
 I - a scroll of fog
 M - 3 scrolls of acquirement {unknown}
 R - 3 scrolls of fear
Potions
 d - a potion of invisibility {unknown}
 G - a potion of flight
 Q - a potion of might
 Z - a potion of agility
Books
 y - a book of Flames
   (You found it on level 5 of the Dungeon)

   Spells                             Type                      Level
   a - Flame Tongue                   Conjuration/Fire             1
   b - Throw Flame                    Conjuration/Fire             2
   c - Conjure Flame                  Conjuration/Fire             3
   d - Inner Flame                    Hexes/Fire                   3
   e - Sticky Flame                   Conjuration/Fire             4
   f - Fireball                       Conjuration/Fire             5
 H - a book of Callings

   Spells                             Type                      Level
   a - Summon Small Mammal            Summoning                    1
   b - Call Imp                       Summoning                    2
   c - Call Canine Familiar           Summoning                    3
   d - Summon Guardian Golem          Hexes/Summoning              3
   e - Summon Lightning Spire         Summoning/Air                4
   f - Summon Ice Beast               Ice/Summoning                4
 V - a book of Power
   (You found it on level 10 of the Dungeon)

   Spells                             Type                      Level
   a - Iskenderun's Battlesphere      Conjuration/Charms           5
   b - Venom Bolt                     Conjuration/Poison           5
   c - Bolt of Magma                  Conjuration/Fire/Earth       5
   d - Iron Shot                      Conjuration/Earth            6
   e - Orb of Destruction             Conjuration                  7
   f - Spellforged Servitor           Conjuration/Summoning        7
Miscellaneous
 L - a lamp of fire
Comestibles
 c - 22 rations


   Skills:
 + Level 6.6 Fighting
 + Level 6.6 Short Blades
 + Level 6.6 Long Blades
 + Level 6.6 Axes
 + Level 6.6 Maces & Flails
 + Level 6.6 Polearms
 + Level 6.6 Staves
 + Level 6.6 Slings
 + Level 6.6 Bows
 + Level 6.6 Crossbows
 + Level 6.6 Throwing
 + Level 6.6 Armour
 + Level 8.1 Dodging
 + Level 7.9 Stealth
 + Level 6.6 Shields
 + Level 6.6 Unarmed Combat
 + Level 8.3 Spellcasting
 + Level 5.4 Conjurations
 + Level 5.4 Hexes
 + Level 5.4 Charms
 + Level 9.1 Summonings
 + Level 5.4 Necromancy
 + Level 5.4 Translocations
 + Level 5.4 Transmutations
 + Level 5.4 Fire Magic
 + Level 5.4 Ice Magic
 + Level 5.4 Air Magic
 + Level 5.4 Earth Magic
 + Level 5.4 Poison Magic
 + Level 7.2 Invocations
 + Level 6.6 Evocations


You had 11 spell levels left.
You knew the following spells:

 Your Spells              Type           Power        Failure   Level  Hunger
a - Summon Small Mammal   Summ           ####         1%          1    None
c - Call Canine Familiar  Summ           ######..     1%          3    None
f - Fireball              Conj/Fire      #####.....   14%         5    ####...
i - Call Imp              Summ           ######..     1%          2    None
L - Summon Lightning Spi  Summ/Air       ######..     2%          4    None


Dungeon Overview and Level Annotations

Branches:
Dungeon (12/15)            Temple (1/1) D:5            Lair (2/6) D:9
 Shoals (2/4) Lair:2          Orc (2/2) D:10
  Snake: Lair:2-4    Spider: Lair:2-4       Elf: Orc:2

Altars:
Ashenzari
Cheibriados
Elyvilon
Fedhas
Gozag
Hepliaklqana
Makhleb
Nemelex Xobeh
Okawaru
Ru
Sif Muna
Trog
Uskayaw
Vehumet
Wu Jian
Xom
Yredelemnul

Shops:
D:4 %*=   D:7 (*(   D:10 }*

Annotations:
D:4 exclusion: ogre


Innate Abilities, Weirdness & Mutations

Your experience applies equally to all skills.
You have very sharp teeth.
Your uncanny sense of smell can sniff out nearby items.
You have a pair of small horns on your head.
You are agile. (Dex +2)
You are robust. (+10% HP)


Message History

The bolt of electricity hits the merfolk.
A water elemental comes into view.
Unknown command.
Unknown command.
Unknown command.
Evoke which item? (* to show all) (? for menu, Esc to quit)
Okay, then.
Unknown command.
Wield which item (- for none, * to show all)? (? for menu, Esc to quit)
Your +0 dagger of venom stops dripping with poison.
Your +2 eveningstar of protection hums with potential!
b - a +2 eveningstar of protection (weapon)
The merfolk aquamancer is engulfed in a cloud of scalding steam.
The merfolk aquamancer gestures wildly while chanting.
The merfolk aquamancer blinks!
The water elemental is engulfed in a cloud of scalding steam.
Unknown command.
Unknown command.
Unknown command.
Unknown command.
Unknown command.
Your lightning spire shoots out a bolt of lightning at the merfolk!
The bolt of electricity misses the merfolk.
The bolt of electricity hits the merfolk.
The merfolk aquamancer casts a spell at you.
The shard of ice misses you. The merfolk closely misses you.
Your lightning spire shoots out a bolt of lightning at the merfolk!
The bolt of electricity hits the merfolk. x2
The bolt of electricity hits the water elemental.
The water elemental resists.
Unknown command.
Unknown command.
The merfolk aquamancer casts a spell at you.
The torrent of water hits you!
You are knocked back by the torrent of water.
Splash!
You fall into the shallow water.
Moving in this stuff is going to be slow.
The wave splashes down.
The merfolk hits your lightning spire but does no damage.
The water elemental is engulfed in a cloud of scalding steam.
You hear a shout!
You hear an angry hiss.
You hear a shout! x2
Unknown command.
Unknown command.
Evoke which item? (* to show all) (? for menu, Esc to quit)
Aiming: Iceblast
Press: ? - help, Shift-Dir - straight line, f - water elemental, p - water elemental
Aim: a water elemental (moderately damaged)
The mass of ice explodes!
The iceblast engulfs the water elemental.
The water elemental is almost destroyed.
The iceblast engulfs the water elemental.
The water elemental is heavily damaged.
The iceblast engulfs the merfolk aquamancer.
The merfolk aquamancer is heavily wounded.
The iceblast engulfs the merfolk.
You kill the merfolk!
Cheibriados thoroughly appreciates the change of pace.
You hear a splash.
The now-empty wand crumbles to dust.
The water elemental barely misses you.
Unknown command.
Your unstable footing causes you to fumble your attack.
The merfolk aquamancer points at you and mumbles some strange words.
The ball of steam misses you. The water elemental closely misses you.
You block the water elemental's attack.
You can feel time thicken for a moment.
You destroy the water elemental!
Cheibriados thoroughly appreciates the change of pace.
You feel somewhat more hungry.
You can no longer step out of the time flow.
Cheibriados lowers the support of your attributes as your movement quickens.
You are engulfed in a cloud of scalding steam.
The merfolk aquamancer points at you and mumbles some strange words.
The ball of steam hits you!
* * * LOW HITPOINT WARNING * * *
The water elemental hits you!
* * * LOW HITPOINT WARNING * * *
The water elemental engulfs you in water!
The water elemental hits you.
* * * LOW HITPOINT WARNING * * *
Unknown command.
Okay, then.
Unknown command.
You feel much better.
You are engulfed in a cloud of scalding steam.
* * * LOW HITPOINT WARNING * * *
x2 Your lungs strain for air!
The merfolk aquamancer barely misses you.
The water elemental closely misses you. The water elemental misses you.
Unknown command.
Unknown command.
Unknown command.
Unknown command.
Your unstable footing causes you to fumble your attack.
* * * LOW HITPOINT WARNING * * *
Your lungs strain for air!
The water elemental closely misses you.
The merfolk aquamancer gestures at you while chanting.
The ball of steam hits you!
You die...

∆.≈≈≈≈≈≈≈ ....
..≈≈≈≈≈≈ ###...
..≈≈≈≈≈≈ ......
..≈≈≈≈≈≈ ......###
..≈≈≈≈≈≈
........###..≈≈≈≈≈≈
...$.......#.≈≈≈≈≈≈
...≈.......m.≈≈≈≈≈≈
...##...@E)≈≈..≈≈
#<.##E.≈≈≈≈≈≈
....[.....##.8≈≈≈≈≈
......≈≈.......###.
...≈≈≈≈≈.(.....#
..≈≈≈≈≈≈..≈≈...#
≈≈≈≈≈≈≈≈≈.≈≈≈≈..
≈≈≈≈......≈≈≈≈≈≈≈
P≈≈...#...≈≈≈≈≈


You could see a merfolk aquamancer, 2 water elementals and a friendly lightning
spire.

Vanquished Creatures
  An orc warlord (Orc:1)
  An ettin (Orc:1)
  3 two-headed ogres
  Urug (Lair:2)
  An orc sorcerer (Orc:1)
  A cyclops (D:11)
  Psyche (D:11)
  A merfolk (Shoals:2)
  2 trolls
  2 blink frogs (Lair:1)
  2 snapping turtles
  A hippogriff (D:8)
  2 wyverns (D:9)
  A water elemental (Shoals:2)
  A basilisk (D:9)
  Duvessa (D:5)
  A porcupine (Lair:1)
  A hornet zombie (D:9)
  A sky beast (D:8)
  7 orc warriors
  An ice beast (D:8)
  2 bullfrogs
  4 scorpions
  A killer bee (D:8)
  A wight (D:8)
  2 crimson imps
  A bullfrog zombie (D:8)
  6 orc wizards
  A jelly (D:9)
  A gnoll shaman (D:10)
  3 orc priests
  2 iguanas
  2 worker ants
  A hound skeleton (D:7)
  7 gnolls
  An adder (D:10)
  An adder zombie (D:9)
  2 worms
  38 orcs
  2 bats (D:2)
  A giant cockroach (D:5)
  A goblin (D:2)
  2 jackals (D:2)
  2 quokkas
  2 ball pythons
  3 frilled lizards
  4 rats
  A plant (D:7)
127 creatures vanquished.

Vanquished Creatures (collateral kills)
  Harold (Lair:1)
  An orc sorcerer (Orc:1)
  A wind drake (Shoals:2)
  3 blink frogs (Lair:1)
  A shadow (D:11)
  A wyvern (D:10)
  4 yaks (D:9)
  A basilisk (D:9)
  A steam dragon (D:9)
  A porcupine (Lair:1)
  3 orc warriors
  A sky beast (D:3)
  An ice beast (D:8)
  An ogre (D:4)
  The ghost of darumender the Cudgeler, an amateur DsBe of Trog (D:3)
  A crocodile (D:9)
  3 bullfrogs
  A scorpion (D:5)
  Dowan (D:5)
  4 wights (D:8)
  A howler monkey (D:7)
  2 quasits (D:9)
  A centaur zombie (D:10)
  2 orc priests (D:10)
  A hound (D:7)
  10 orc wizards
  An iguana (D:8)
  Terence (D:3)
  3 worker ants
  A hound skeleton (D:8)
  2 worker ant zombies
  4 adders
  An adder skeleton (D:10)
  A worm (D:4)
  2 leopard geckos
  27 orcs
  4 bats
  A giant cockroach (D:2)
  2 goblins
  3 hobgoblins
  5 jackals (D:2)
  2 quokkas
  4 kobolds
  A quokka skeleton (D:5)
  2 rats
116 creatures vanquished.

Vanquished Creatures (others)
  A yak (D:9)
  A sky beast (D:7)
  An orc wizard (D:9)
  2 gnolls (D:10)
  2 plants (D:7)
7 creatures vanquished.

Grand Total: 250 creatures vanquished

Notes
Turn   | Place    | Note
-------+----------+-------------------------------------------
     0 | D:1      | tidbits the Gnoll Summoner began the quest for the Orb.
     0 | D:1      | Reached XP level 1. HP: 13/13 MP: 6/6
    69 | D:2      | Reached XP level 2. HP: 11/19 MP: 4/7
    73 | D:2      | Learned a level 2 spell: Call Imp
   167 | D:3      | Found a hide-covered altar of Uskayaw.
   230 | D:4      | Found a basalt altar of Yredelemnul.
   235 | D:4      | Noticed an ogre
   254 | D:4      | Found Veuxir's Assorted Antiques.
   255 | D:4      | Killed an ogre
   255 | D:4      | Reached skill level 1 in Fighting
   255 | D:4      | Reached skill level 1 in Short Blades
   255 | D:4      | Reached skill level 1 in Long Blades
   255 | D:4      | Reached skill level 1 in Axes
   255 | D:4      | Reached skill level 1 in Maces & Flails
   255 | D:4      | Reached skill level 1 in Polearms
   255 | D:4      | Reached skill level 1 in Staves
   255 | D:4      | Reached skill level 1 in Slings
   255 | D:4      | Reached skill level 1 in Bows
   255 | D:4      | Reached skill level 1 in Crossbows
   255 | D:4      | Reached skill level 1 in Throwing
   255 | D:4      | Reached skill level 1 in Armour
   255 | D:4      | Reached skill level 1 in Shields
   255 | D:4      | Reached skill level 1 in Unarmed Combat
   255 | D:4      | Reached skill level 5 in Spellcasting
   255 | D:4      | Reached skill level 1 in Invocations
   255 | D:4      | Reached skill level 1 in Evocations
   255 | D:4      | Reached XP level 3. HP: 23/26 MP: 2/9
   255 | D:4      | Reached XP level 4. HP: 29/32 MP: 2/11
   259 | D:4      | Found a shattered altar of Ashenzari.
   330 | D:3      | Noticed Terence
   331 | D:3      | Noticed darumender's ghost (amateur DsBe)
   374 | D:3      | Learned a level 3 spell: Call Canine Familiar
   387 | D:3      | Killed darumender's ghost
   387 | D:3      | Reached skill level 1 in Conjurations
   387 | D:3      | Reached skill level 1 in Hexes
   387 | D:3      | Reached skill level 1 in Charms
   387 | D:3      | Reached skill level 1 in Necromancy
   387 | D:3      | Reached skill level 1 in Translocations
   387 | D:3      | Reached skill level 1 in Transmutations
   387 | D:3      | Reached skill level 1 in Fire Magic
   387 | D:3      | Reached skill level 1 in Ice Magic
   387 | D:3      | Reached skill level 1 in Air Magic
   387 | D:3      | Reached skill level 1 in Earth Magic
   387 | D:3      | Reached skill level 1 in Poison Magic
   387 | D:3      | Reached XP level 5. HP: 36/37 MP: 4/12
   397 | D:3      | Killed Terence
   414 | D:3      | Noticed a sky beast
   421 | D:3      | Killed a sky beast
   677 | D:4      | Reached skill level 2 in Invocations
   677 | D:4      | Reached XP level 6. HP: 40/44 MP: 7/13
   678 | D:4      | Found Utuimp's Jewellery Emporium.
   819 | D:5      | Entered Level 5 of the Dungeon
   897 | D:4      | Bought a scroll labeled FYZERH KONUSK for 20 gold pieces
   897 | D:4      | Bought a dark potion for 18 gold pieces
   897 | D:4      | Bought 2 emerald potions for 36 gold pieces
   897 | D:4      | Bought a scroll labeled CUSIBL REACUBA for 20 gold pieces
  1002 | D:4      | Found Wofoesia's Food Shoppe.
  1008 | D:4      | Gained mutation: You expend magic power (3 MP) to strengthen your wands. [potion of mutation]
  1008 | D:4      | Gained mutation: You have a pair of small horns on your head. [potion of mutation]
  1009 | D:4      | Lost mutation: You expend magic power (3 MP) to strengthen your wands. [potion of mutation]
  1009 | D:4      | Gained mutation: You are agile. (Dex +2) [potion of mutation]
  1009 | D:4      | Gained mutation: You are robust. (+10% HP) [potion of mutation]
  1207 | D:5      | Found a staircase to the Ecumenical Temple.
  1216 | D:5      | Learned a level 4 spell: Summon Lightning Spire
  1222 | D:5      | Reached skill level 5 in Dodging
  1222 | D:5      | Reached skill level 2 in Fighting
  1222 | D:5      | Reached skill level 2 in Short Blades
  1222 | D:5      | Reached skill level 2 in Long Blades
  1222 | D:5      | Reached skill level 2 in Axes
  1222 | D:5      | Reached skill level 2 in Maces & Flails
  1222 | D:5      | Reached skill level 2 in Polearms
  1222 | D:5      | Reached skill level 2 in Staves
  1222 | D:5      | Reached skill level 2 in Slings
  1222 | D:5      | Reached skill level 2 in Bows
  1222 | D:5      | Reached skill level 2 in Crossbows
  1222 | D:5      | Reached skill level 2 in Throwing
  1222 | D:5      | Reached skill level 2 in Armour
  1222 | D:5      | Reached skill level 2 in Shields
  1222 | D:5      | Reached skill level 2 in Unarmed Combat
  1222 | D:5      | Reached skill level 2 in Evocations
  1251 | Temple   | Entered the Ecumenical Temple
  1293 | Temple   | Became a worshipper of Cheibriados the Contemplative
  1317 | D:5      | Found a white marble altar of Elyvilon.
  1347 | D:5      | Got an ominously black robe
  1358 | D:5      | Identified the cursed +0 robe "Puucre" {rN+} (You found it on level 5 of the Dungeon)
  1386 | D:5      | Noticed Dowan
  1389 | D:5      | Noticed Duvessa
  1394 | D:5      | Killed Dowan
  1397 | D:5      | Killed Duvessa
  1397 | D:5      | Reached XP level 7. HP: 38/55 MP: 11/15
  1562 | D:4      | Bought a twisted silver wand for 80 gold pieces
  1646 | D:7      | Reached skill level 2 in Conjurations
  1646 | D:7      | Reached skill level 2 in Hexes
  1646 | D:7      | Reached skill level 2 in Charms
  1646 | D:7      | Reached skill level 2 in Necromancy
  1646 | D:7      | Reached skill level 2 in Translocations
  1646 | D:7      | Reached skill level 2 in Transmutations
  1646 | D:7      | Reached skill level 2 in Fire Magic
  1646 | D:7      | Reached skill level 2 in Ice Magic
  1646 | D:7      | Reached skill level 2 in Air Magic
  1646 | D:7      | Reached skill level 2 in Earth Magic
  1646 | D:7      | Reached skill level 2 in Poison Magic
  1656 | D:7      | Found Kecsito's General Store.
  1666 | D:7      | Reached * piety under Cheibriados
  1666 | D:7      | Reached skill level 5 in Stealth
  1672 | D:7      | Found Celeh's Antique Weapon Shop.
  1695 | D:7      | Found a blossoming altar of Fedhas.
  1753 | D:7      | Reached skill level 3 in Invocations
  1854 | D:7      | Found Wiorykk's Weapon Shoppe.
  1903 | D:8      | Noticed a hippogriff
  1908 | D:8      | Killed a hippogriff
  1908 | D:8      | Reached XP level 8. HP: 62/62 MP: 10/16
  1930 | D:8      | Reached skill level 3 in Fighting
  1930 | D:8      | Reached skill level 3 in Short Blades
  1930 | D:8      | Reached skill level 3 in Long Blades
  1930 | D:8      | Reached skill level 3 in Axes
  1930 | D:8      | Reached skill level 3 in Maces & Flails
  1930 | D:8      | Reached skill level 3 in Polearms
  1930 | D:8      | Reached skill level 3 in Staves
  1930 | D:8      | Reached skill level 3 in Slings
  1930 | D:8      | Reached skill level 3 in Bows
  1930 | D:8      | Reached skill level 3 in Crossbows
  1930 | D:8      | Reached skill level 3 in Throwing
  1930 | D:8      | Reached skill level 3 in Armour
  1930 | D:8      | Reached skill level 3 in Shields
  1930 | D:8      | Reached skill level 3 in Unarmed Combat
  1930 | D:8      | Reached skill level 3 in Evocations
  1998 | D:8      | Reached skill level 6 in Spellcasting
  2146 | D:9      | Noticed a yak
  2150 | D:9      | Noticed a yak
  2150 | D:9      | Noticed a yak
  2150 | D:9      | Noticed a yak
  2151 | D:9      | Killed a yak
  2151 | D:9      | Reached ** piety under Cheibriados
  2153 | D:9      | Noticed a yak
  2153 | D:9      | Killed a yak
  2155 | D:9      | Banished a yak
  2155 | D:9      | Reached skill level 3 in Conjurations
  2155 | D:9      | Reached skill level 3 in Hexes
  2155 | D:9      | Reached skill level 3 in Charms
  2155 | D:9      | Reached skill level 3 in Necromancy
  2155 | D:9      | Reached skill level 3 in Translocations
  2155 | D:9      | Reached skill level 3 in Transmutations
  2155 | D:9      | Reached skill level 3 in Fire Magic
  2155 | D:9      | Reached skill level 3 in Ice Magic
  2155 | D:9      | Reached skill level 3 in Air Magic
  2155 | D:9      | Reached skill level 3 in Earth Magic
  2155 | D:9      | Reached skill level 3 in Poison Magic
  2155 | D:9      | Reached skill level 4 in Invocations
  2155 | D:9      | Killed a yak
  2155 | D:9      | Reached skill level 6 in Dodging
  2155 | D:9      | Reached XP level 9. HP: 71/71 MP: 10/18
  2196 | D:9      | Found a shimmering altar of Xom.
  2321 | D:10     | Entered Level 10 of the Dungeon
  2353 | D:10     | Reached skill level 4 in Fighting
  2353 | D:10     | Reached skill level 4 in Short Blades
  2353 | D:10     | Reached skill level 4 in Long Blades
  2353 | D:10     | Reached skill level 4 in Axes
  2353 | D:10     | Reached skill level 4 in Maces & Flails
  2353 | D:10     | Reached skill level 4 in Polearms
  2353 | D:10     | Reached skill level 4 in Staves
  2353 | D:10     | Reached skill level 4 in Slings
  2353 | D:10     | Reached skill level 4 in Bows
  2353 | D:10     | Reached skill level 4 in Crossbows
  2353 | D:10     | Reached skill level 4 in Throwing
  2353 | D:10     | Reached skill level 4 in Armour
  2353 | D:10     | Reached skill level 4 in Shields
  2353 | D:10     | Reached skill level 4 in Unarmed Combat
  2353 | D:10     | Reached skill level 4 in Evocations
  2391 | D:11     | Noticed a purple ugly thing
  2460 | D:11     | Noticed a cyclops
  2470 | D:11     | Killed a cyclops
  2470 | D:11     | Reached skill level 6 in Stealth
  2470 | D:11     | Reached skill level 8 in Summonings
  2512 | D:12     | Noticed a troll
  2531 | D:12     | Killed a troll
  2565 | D:11     | Noticed Psyche
  2574 | D:11     | Killed Psyche
  2574 | D:11     | Reached skill level 5 in Invocations
  2674 | D:10     | Reached *** piety under Cheibriados
  2688 | D:10     | Found Doery's Gadget Emporium.
  2763 | D:10     | Noticed a two-headed ogre
  2770 | D:10     | Killed a two-headed ogre
  2770 | D:10     | Reached skill level 7 in Spellcasting
  2770 | D:10     | Reached skill level 4 in Conjurations
  2770 | D:10     | Reached skill level 4 in Hexes
  2770 | D:10     | Reached skill level 4 in Charms
  2770 | D:10     | Reached skill level 4 in Necromancy
  2770 | D:10     | Reached skill level 4 in Translocations
  2770 | D:10     | Reached skill level 4 in Transmutations
  2770 | D:10     | Reached skill level 4 in Fire Magic
  2770 | D:10     | Reached skill level 4 in Ice Magic
  2770 | D:10     | Reached skill level 4 in Air Magic
  2770 | D:10     | Reached skill level 4 in Earth Magic
  2770 | D:10     | Reached skill level 4 in Poison Magic
  2770 | D:10     | Reached XP level 10. HP: 53/80 MP: 16/20
  2793 | D:10     | Noticed a two-headed ogre
  2803 | D:10     | Killed a two-headed ogre
  2803 | D:10     | Reached skill level 5 in Fighting
  2803 | D:10     | Reached skill level 5 in Short Blades
  2803 | D:10     | Reached skill level 5 in Long Blades
  2803 | D:10     | Reached skill level 5 in Axes
  2803 | D:10     | Reached skill level 5 in Maces & Flails
  2803 | D:10     | Reached skill level 5 in Polearms
  2803 | D:10     | Reached skill level 5 in Staves
  2803 | D:10     | Reached skill level 5 in Slings
  2803 | D:10     | Reached skill level 5 in Bows
  2803 | D:10     | Reached skill level 5 in Crossbows
  2803 | D:10     | Reached skill level 5 in Throwing
  2803 | D:10     | Reached skill level 5 in Armour
  2803 | D:10     | Reached skill level 7 in Dodging
  2803 | D:10     | Reached skill level 5 in Shields
  2803 | D:10     | Reached skill level 5 in Unarmed Combat
  2803 | D:10     | Reached skill level 5 in Evocations
  2896 | D:10     | Found a staircase to the Orcish Mines.
  2902 | D:10     | Reached **** piety under Cheibriados
  2923 | Orc:1    | Entered Level 1 of the Orcish Mines
  2929 | Orc:1    | Noticed an orc warlord
  2929 | Orc:1    | Noticed an orc sorcerer
  2932 | Orc:1    | Killed an orc sorcerer
  2936 | Orc:1    | Noticed an orc sorcerer
  2937 | Orc:1    | Killed an orc warlord
  2937 | Orc:1    | Reached skill level 7 in Stealth
  2937 | Orc:1    | Reached skill level 6 in Invocations
  2937 | Orc:1    | Reached XP level 11. HP: 31/89 MP: 12/22
  2939 | Orc:1    | Paralysed by an orc sorcerer for 4 turns
  2945 | Orc:1    | Killed an orc sorcerer
  2969 | Orc:1    | Noticed an ettin
  2973 | Orc:1    | Killed an ettin
  3046 | Orc:2    | Entered Level 2 of the Orcish Mines
  3301 | D:8      | Learned a level 5 spell: Fireball
  3328 | D:8      | Reached ***** piety under Cheibriados
  3343 | D:8      | Reached skill level 6 in Fighting
  3343 | D:8      | Reached skill level 6 in Short Blades
  3343 | D:8      | Reached skill level 6 in Long Blades
  3343 | D:8      | Reached skill level 6 in Axes
  3343 | D:8      | Reached skill level 6 in Maces & Flails
  3343 | D:8      | Reached skill level 6 in Polearms
  3343 | D:8      | Reached skill level 6 in Staves
  3343 | D:8      | Reached skill level 6 in Slings
  3343 | D:8      | Reached skill level 6 in Bows
  3343 | D:8      | Reached skill level 6 in Crossbows
  3343 | D:8      | Reached skill level 6 in Throwing
  3343 | D:8      | Reached skill level 6 in Armour
  3343 | D:8      | Reached skill level 6 in Shields
  3343 | D:8      | Reached skill level 6 in Unarmed Combat
  3343 | D:8      | Reached skill level 6 in Evocations
  3347 | D:8      | Noticed a two-headed ogre
  3352 | D:8      | Killed a two-headed ogre
  3352 | D:8      | Reached skill level 5 in Conjurations
  3352 | D:8      | Reached skill level 5 in Hexes
  3352 | D:8      | Reached skill level 5 in Charms
  3352 | D:8      | Reached skill level 5 in Necromancy
  3352 | D:8      | Reached skill level 5 in Translocations
  3352 | D:8      | Reached skill level 5 in Transmutations
  3352 | D:8      | Reached skill level 5 in Fire Magic
  3352 | D:8      | Reached skill level 5 in Ice Magic
  3352 | D:8      | Reached skill level 5 in Air Magic
  3352 | D:8      | Reached skill level 5 in Earth Magic
  3352 | D:8      | Reached skill level 5 in Poison Magic
  3525 | D:10     | Found Biodouw's Assorted Antiques.
  3529 | D:10     | Reached skill level 8 in Spellcasting
  3537 | D:10     | Bought a murky coppery potion for 34 gold pieces
  3784 | D:9      | Found a staircase to the Lair.
  3789 | Lair:1   | Entered Level 1 of the Lair of Beasts
  3806 | Lair:1   | Noticed Harold
  3816 | Lair:1   | Killed Harold
  3817 | Lair:1   | Reached skill level 9 in Summonings
  3817 | Lair:1   | Reached skill level 7 in Invocations
  3819 | Lair:1   | Reached skill level 8 in Dodging
  3863 | Lair:2   | Noticed Urug
  3868 | Lair:2   | Found a staircase to the Shoals.
  3875 | Lair:2   | Killed Urug
  3924 | Shoals:1 | Entered Level 1 of the Shoals
  3948 | Shoals:2 | Noticed a merfolk aquamancer
  3957 | Shoals:2 | HP: 13/91 [water elemental (14)]
  3959 | Shoals:2 | Killed from afar by a merfolk aquamancer

Skill      XL: |  1  2  3  4  5  6  7  8  9 10 11 |
---------------+----------------------------------+-----
Fighting       | 1 2 3 4 5 6 |  6.6
Short Blades   | 1 2 3 4 5 6 |  6.6
Long Blades    | 1 2 3 4 5 6 |  6.6
Axes           | 1 2 3 4 5 6 |  6.6
Maces & Flails | 1 2 3 4 5 6 |  6.6
Polearms       | 1 2 3 4 5 6 |  6.6
Staves         | 1 2 3 4 5 6 |  6.6
Slings         | 1 2 3 4 5 6 |  6.6
Bows           | 1 2 3 4 5 6 |  6.6
Crossbows      | 1 2 3 4 5 6 |  6.6
Throwing       | 1 2 3 4 5 6 |  6.6
Armour         | 1 2 3 4 5 6 |  6.6
Shields        | 1 2 3 4 5 6 |  6.6
Unarmed Combat | 1 2 3 4 5 6 |  6.6
Spellcasting   | 5 6 7 8 |  8.3
Invocations    | 1 2 3 4 5 6 7 |  7.2
Evocations     | 1 2 3 4 5 6 |  6.6
Conjurations   | 1 2 3 4 5 |  5.4
Hexes          | 1 2 3 4 5 |  5.4
Charms         | 1 2 3 4 5 |  5.4
Necromancy     | 1 2 3 4 5 |  5.4
Translocations | 1 2 3 4 5 |  5.4
Transmutations | 1 2 3 4 5 |  5.4
Fire Magic     | 1 2 3 4 5 |  5.4
Ice Magic      | 1 2 3 4 5 |  5.4
Air Magic      | 1 2 3 4 5 |  5.4
Earth Magic    | 1 2 3 4 5 |  5.4
Poison Magic   | 1 2 3 4 5 |  5.4
Dodging        | 5 6 7 8 |  8.1
Stealth        | 5 6 7 |  7.9
Summonings     | 8 9 |  9.1

Action                   |  1- 3 |  4- 6 |  7- 9 | 10-12 || total
-------------------------+-------+-------+-------+-------++-------
Melee: Dagger            |    28 |    55 |     9 |    10 ||   102
       Bite              |     3 |     7 |    14 |    16 ||    40
       Headbutt          |       |     4 |    18 |    28 ||    50
       Punch             |       |     1 |     5 |     2 ||     8
       Trident           |       |       |   136 |    12 ||   148
       Great sword       |       |       |       |    25 ||    25
       Rapier            |       |       |       |    47 ||    47
       War axe           |       |       |       |     8 ||     8
       Eveningstar       |       |       |       |     2 ||     2
Throw: Stone             |       |     2 |    24 |    18 ||    44
 Cast: Summon Small Mamm |    18 |     7 |       |       ||    25
       Call Imp          |     2 |     7 |       |       ||     9
       Call Canine Famil |       |     8 |     1 |       ||     9
       Summon Lightning  |       |     1 |    22 |    19 ||    42
Invok: Slouch            |       |       |       |     3 ||     3
       Bend Time         |       |       |       |     1 ||     1
Evoke: Wand              |       |     2 |     2 |    25 ||    29
  Use: Potion            |       |     6 |     1 |     2 ||     9
       Scroll            |       |     8 |     4 |     5 ||    17
 Stab: Sleeping          |     2 |     6 |    10 |     8 ||    26
       Distracted        |       |     1 |     5 |     2 ||     8
       Confused          |       |     1 |       |       ||     1
       Paralysed         |       |       |     5 |     7 ||    12
  Eat: Ration            |       |     2 |     2 |       ||     4
Armor: Robe              |    12 |     2 |     5 |     3 ||    22
       Troll leather arm |       |       |       |     2 ||     2
Dodge: Dodged            |    30 |    44 |    58 |    89 ||   221
Block: Buckler           |       |       |       |     1 ||     1
       Rpst.: Great sword |       |       |       |     6 ||     6

Table legend:
 A = Turns spent in this place as a percentage of turns spent in the entire game.
 B = Non-inter-level travel turns spent in this place as a percentage of non-inter-level travel turns spent in the entire game.
 C = Inter-level travel turns spent in this place as a percentage of turns spent in this place.
 D = Turns resting spent in this place as a percentage of non-inter-level travel turns spent in this place.
 E = Turns spent auto-exploring this place as a percentage of non-inter-level travel turns spent in this place.
 F = Non-inter-level travel turns spent in this place divided by the number of levels of this place that you've seen.
                   A       B       C       D       E      F
               +-------+-------+-------+-------+-------+----------------------
         Total | 100.0 | 100.0 |   7.9 |   0.0 |   0.0 | 191.8
       Dungeon |  90.2 |  90.2 |   8.0 |   0.0 |   0.0 | 274.0
        Temple |   1.3 |   0.6 |  57.7 |   0.0 |   0.0 |  22.0
          Lair |   3.4 |   3.7 |   0.0 |   0.0 |   0.0 |  67.5
        Shoals |   0.9 |   1.0 |   0.0 |   0.0 |   0.0 |  17.5
  Orcish Mines |   4.2 |   4.5 |   0.0 |   0.0 |   0.0 |  82.5
               +-------+-------+-------+-------+-------+----------------------

Table legend:
 A = Kills in this place as a percentage of kills in entire the game.
 B = Kills by you in this place as a percentage of kills by you in the entire game.
 C = Kills by friends in this place as a percentage of kills by friends in the entire game.
 D = Other kills in this place as a percentage of other kills in the entire game.
 E = Experience gained in this place as a percentage of experience gained in the entire game.
 F = Experience gained in this place divided by the number of levels of this place that you have seen.
                   A       B       C       D       E      F
               +-------+-------+-------+-------+-------+----------------------
         Total | 100.0 | 100.0 | 100.0 | 100.0 | 100.0 | 905.4
       Dungeon |  84.2 |  80.2 |  87.9 | 100.0 |  54.0 | 774.5
          Lair |   4.0 |   3.2 |   5.2 |   0.0 |  16.4 | 1409.0
        Shoals |   2.0 |   3.2 |   0.9 |   0.0 |   5.7 | 491.0
  Orcish Mines |   9.7 |  13.5 |   6.0 |   0.0 |  23.9 | 2054.0
               +-------+-------+-------+-------+-------+----------------------

Vault maps used:
D:1:      dpeg_arrival_pits, chequers_big_river
D:3:      eat_drink_and_be_merry_uskayaw, uniq_terence
D:4:      nicolae_overflow_crystal_walls, yredelemnul_altar_generic,
          first_ration, serial_shops, shop, nicolae_shop_waterfront, shop,
          serial_corexii_hall, corexii_hall_statues_s, corexii_hall_statues_t
D:5:      elyvilon_altar_1, minmay_temple_entry_statues_fountains, uniq_duvessa
D:6:      marbit_many_paths, minmay_misc_feat_cross
D:7:      nicolae_overflow_hidden_temple, serial_shops, shop,
          kennysheep_little_box, shop, shop_statue, shop, grunt_livestock,
          fedhas_altar_decomposition
D:8:      special_room, minmay_misc_feat_four_crosses
D:9:      nicolae_dithmenos_through_a_glass_darkly, zin_statuary,
          kennysheep_mini_moat, erik_lair_dragon
D:10:     hiddenorc2_lemuel, serial_shops, nicolae_shop_behind_doors,
          nicolae_shop_overgrown_old_shop
D:11:     uniq_psyche
D:12:     serial_shops, shop
Temple:   dshaligram_water_room_temple
Lair:1:   grunt_megastairs_4, uniq_harold
Lair:2:   elwin_shoals_entry_rocks, minmay_snake_entry_spellcaster,
          minmay_lair_oklob_chamber, lemuel_fruit_tree,
          infiniplex_staircase_pool, uniq_urug
Orc:2:    st_orc_mages, serial_shops, shop, uniq_saint_roka, uniq_sonja
